 Dungeon Crawl Stone Soup version 0.29.1-1-gd02db6906a (webtiles) character file.

Game seed: 1955421479757365788

12380 Gabide the Reanimator (level 11, -4/84 HPs)
             Began as a Mummy Necromancer on Oct 20, 2022.
             Was an Initiate of Gozag.
             Slain by a black mamba (11 damage)
             ... on level 10 of the Dungeon.
             The game lasted 00:30:13 (15157 turns).

Gabide the Reanimator (Mummy Necromancer)          Turns: 15157, Time: 00:30:14

Health: -4/84      AC: 16    Str: 13    XL:     11   Next: 61%
Magic:  7/23       EV: 15    Int: 20    God:    Gozag
Gold:   1609       SH:  0    Dex: 19    Spells: 17/26 levels left

rFire   . . .      SeeInvis .     - Unarmed
rCold   + . .      Faith    .   (no shield)
rNeg    + + +      Spirit   .   s - +1 leather armour {rF+}
rPois   ∞          Reflect  .   w - +2 hat
rElec   .          Harm     .   b - +2 cloak
rCorr   .          Rampage  +   p - +2 pair of gloves {Dex+3}
Will    ++...                   q - +2 pair of boots {rampage}
Stlth   ++........              (no amulet)
HPRegen 0.24/turn               e - +6 ring of intelligence
MPRegen 0.18/turn               c - ring of willpower

@: gold aura
A: cold resistance 1, negative energy resistance 3, torment resistance 2, heat
vulnerability 1, in touch with death 1, no potions
a: Renounce Religion, Potion Petition, Call Merchant, Bribe Branch


You were on level 10 of the Dungeon.
You worshipped Gozag.
Gozag was most pleased with you.
You visited 3 branches of the dungeon, and saw 13 of its levels.

You collected 3473 gold pieces.
You spent 883 gold pieces at shops.
You paid 981 gold pieces to Gozag.

Inventory:

Missiles
 h - 2 throwing nets
 i - 7 poisoned darts
 v - 6 atropa-tipped darts
Armour
 b - a +2 cloak (worn)
 n - a +2 robe of cold resistance
 p - a +2 pair of gloves of dexterity (worn)
 q - a +2 pair of boots of rampaging (worn)
 s - a +1 leather armour of fire resistance (worn)
 w - a +2 hat (worn)
 E - the +0 ring mail of the Harp {rElec rPois rC++ Will-}
   (You bought it in a shop on level 10 of the Dungeon)

   rC:        It greatly protects you from cold.
   rElec:     It insulates you from electricity.
   rPois:     It protects you from poison.
   Will:      It decreases your willpower.
Jewellery
 a - a ring of protection from fire
 c - a ring of willpower (right hand)
 e - a +6 ring of intelligence (left hand)
 F - a ring of magical power
Wands
 d - a wand of flame (14)
 m - a wand of light (11)
 r - a wand of iceblast (33)
 x - a wand of digging (8)
 y - a wand of paralysis (4)
Scrolls
 f - 10 scrolls of teleportation
 g - 4 scrolls of butterflies
 k - 2 scrolls of blinking
 l - a scroll of poison
 o - 3 scrolls of immolation
 t - 2 scrolls of enchant weapon
 u - 2 scrolls of magic mapping
 z - a scroll of identify
 A - a scroll of fear
 B - a scroll of vulnerability
 C - a scroll of summoning {unknown}


   Skills:
 + Level 7.3 Fighting
 - Level 4.0 Armour
 + Level 6.6 Dodging
 - Level 1.5 Stealth
 + Level 6.6 Unarmed Combat
 - Level 8.0 Spellcasting
 + Level 11.3 Necromancy


You had 17 spell levels left.
You knew the following spells:

 Your Spells              Type           Power      Damage    Failure   Level
a - Necrotise             Necr           100%       1d9       1%          1
b - Vampiric Draining     Necr           68%        2d10      1%          3
c - Agony                 Necr           68%        N/A       2%          5

Your spell library contained the following spells:

 Spells                   Type           Power      Damage    Failure   Level
 Shock                    Conj/Air       32%        1d5       11%         1
 Slow                     Hex            32%        N/A       11%         1
 Confusing Touch          Hex            8%         N/A       30%         3
 Dazzling Flash           Conj/Hex       16%        N/A       30%         3
 Ignite Poison            Fire/Tmut/Pois 8%         N/A       30%         3
 Mephitic Cloud           Conj/Pois/Air  8%         N/A       30%         3
 Swiftness                Air            8%         N/A       30%         3
 Airstrike                Air            4%         2d(1-17)  71%         4
 Iskenderun's Mystic Bla  Conj/Tloc      8%         2d4       71%         4
 Summon Ice Beast         Ice/Summ       8%         N/A       71%         4
 Freezing Cloud           Conj/Ice/Air   4%         6-21      96%         5
 Summon Mana Viper        Hex/Summ       8%         N/A       96%         5
 Starburst                Conj/Fire      4%         6d3       100%        6
 Monstrous Menagerie      Summ           4%         N/A       100%        7
 Animate Dead             Necr           Unusable   N/A       N/A         4

Dungeon Overview and Level Annotations

Branches:
Dungeon (11/15)            Temple (1/1) D:6            Lair (1/5) D:10
    Orc (0/2) D:9

Altars:
Ashenzari
Cheibriados
Dithmenos
Fedhas
Gozag
Hepliaklqana
Kikubaaqudgha
Makhleb
Nemelex Xobeh
Okawaru
Qazlal
Ru
Sif Muna
Trog
Uskayaw
Vehumet
Wu Jian
Xom
Yredelemnul

Shops:
D:1 :   D:5 :   D:6 [   D:7 *   D:10 [

Annotations:
D:8 3 runed translucent doors


Innate Abilities, Weirdness & Mutations

You are immune to poison.
Your flesh is cold resistant. (rC+)
You are immune to negative energy. (rN+++)
You are immune to unholy pain and torment.
You are vulnerable to heat. (rF-)
You are in touch with the powers of death.
You do not drink.


Message History

Casting: Vampiric Draining (safe; 1% risk of failure)
Confirm with . or Enter, or press ? or * to list all spells.
Aiming: Vampiric Draining (safe; 1% risk of failure)
Press: ? - help, Shift-Dir - straight line, f/p - five-headed hydra
Aim: a five-headed hydra (severely wounded)
You feel a surge of power!
You draw life force from the five-headed hydra!
You feel life coursing into your body. The black mamba bites you!
* * * LOW HITPOINT WARNING * * *
The five-headed hydra bites you but does no damage.
The five-headed hydra bites you.
* * * LOW HITPOINT WARNING * * *
The five-headed hydra bites you but does no damage.
The five-headed hydra closely misses you.
The five-headed hydra bites you!
* * * LOW HITPOINT WARNING * * *
Casting: Vampiric Draining (safe; 1% risk of failure)
Confirm with . or Enter, or press ? or * to list all spells.
Aiming: Vampiric Draining (safe; 1% risk of failure)
Press: ? - help, Shift-Dir - straight line, f/p - five-headed hydra
Aim: a five-headed hydra (almost dead)
You feel a surge of power!
You draw life force from the five-headed hydra!!
You kill the five-headed hydra!
You feel life coursing into your body. The black mamba bites you.
* * * LOW HITPOINT WARNING * * *
The black mamba bites you!
* * * LOW HITPOINT WARNING * * *
Training target 8.0 for Spellcasting reached!
Your Spellcasting skill increases to level 8!
Casting: Vampiric Draining (safe; 1% risk of failure)
Confirm with . or Enter, or press ? or * to list all spells.
Aiming: Vampiric Draining (safe; 1% risk of failure)
Press: ? - help, Shift-Dir - straight line, f - black mamba
Aim: a black mamba (heavily wounded)
You feel a surge of power!
You draw life force from the black mamba!
You feel life coursing into your body. The black mamba bites you!
You die...
Your body crumbles into a pile of gold.

##)### ###..#.########.#
#....####.#.###.........###
##...##.##........###.....#
#....#..........### ####..#### ##
...........#.#.#.# ###..)###.
...#......#.###### ####...#
....#...#.##....## #.####
.##.....###.###$S# ### ####.####
### ##@# ###### #### #..# ##..#
##.####### #..## .........#
##'######## ######## .........#
#.........###.......
.........#####.).......#.........
.........##..).........#.#.......
.........#..##.........#.#..>....


You could see a black mamba.

Vanquished Creatures
  2 hydras
  2 two-headed ogres
  Nergalle (D:11)
  Amaemon (D:8)
  3 cyclopes (D:11)
  An orange demon (D:8)
  Maggie (D:8)
  An unseen horror (D:10)
  6 trolls
  Prince Ribbit (D:7)
  A shadow (D:11)
  5 wyverns
  6 yaks
  A vampire mosquito (D:10)
  2 steam dragons
  A basilisk (D:10)
  A warg (D:9)
  An acid dragon (D:10)
  2 water moccasins
  3 orc warriors
  A black bear (D:7)
  A sky beast (D:7)
  4 ogres
  7 centaurs
  A phantom (D:4)
  A bullfrog (D:8)
  A necrophage (D:7)
  2 gnoll sergeants (D:10)
  4 scorpions
  6 howler monkeys
  6 orc priests
  A gnoll bouda (D:6)
  4 jellies
  Crazy Yiuf (D:2)
  Jessica (D:2)
  11 orc wizards
  10 gnolls
  6 adders
  2 shadow imps
  A white imp (D:5)
  2 worms
  A dart slug (D:1)
  26 orcs
  3 ball pythons (D:1)
  3 bats
  3 endoplasms
  5 giant cockroaches
  5 goblins
  6 hobgoblins
  9 jackals
  3 quokkas (D:1)
  3 frilled lizards
  6 kobolds
  5 rats
193 creatures vanquished.

Vanquished Creatures (collateral kills)
  A gnoll (D:6)
  An endoplasm (D:1)
  A kobold (D:1)
  A rat (D:1)
4 creatures vanquished.

Vanquished Creatures (others)
  An orc priest (D:9)
  An orc wizard (D:9)
  An orc (D:9)
  4 plants (D:7)
  5 withered plants (D:7)
12 creatures vanquished.

Grand Total: 209 creatures vanquished

Notes
Turn   | Place    | Note
-------+----------+-------------------------------------------
     0 | D:1      | Gabide the Mummy Necromancer began the quest for the Orb.
     0 | D:1      | Reached XP level 1. HP: 13/13 MP: 4/4
   304 | D:1      | Reached XP level 2. HP: 19/19 MP: 1/6
   415 | D:1      | Found a faded altar of an unknown god.
   828 | D:1      | Gained mutation: You are in touch with the powers of death.
                  | [Mummy growth]
   828 | D:1      | Reached XP level 3. HP: 24/24 MP: 4/7
   857 | D:1      | Found Likkituh's Book Shoppe.
  1455 | D:2      | Noticed Jessica
  1462 | D:2      | Killed Jessica
  1463 | D:2      | Reached XP level 4. HP: 24/30 MP: 0/8
  1467 | D:2      | Found a burning altar of Makhleb.
  1947 | D:2      | Reached skill level 5 in Necromancy
  2088 | D:2      | Found a runed translucent door.
  2089 | D:2      | Noticed Crazy Yiuf
  2096 | D:2      | Learned a level 3 spell: Vampiric Draining
  2098 | D:2      | Killed Crazy Yiuf
  2099 | D:2      | Reached XP level 5. HP: 35/35 MP: 2/9
  2950 | D:4      | Noticed an ogre
  3058 | D:4      | Reached skill level 6 in Necromancy
  3142 | D:4      | Found a radiant altar of Vehumet.
  3159 | D:4      | Noticed a phantom
  3175 | D:4      | Killed a phantom
  3176 | D:4      | Reached XP level 6. HP: 28/46 MP: 10/10
  3535 | D:4      | Reached skill level 1 in Unarmed Combat
  3944 | D:5      | Entered Level 5 of the Dungeon
  4407 | D:5      | Reached XP level 7. HP: 52/52 MP: 6/11
  4711 | D:5      | Found a stormy altar of Qazlal.
  4711 | D:5      | Found a sacrificial altar of Ru.
  4717 | D:5      | Found a sparkling altar of Nemelex Xobeh.
  4719 | D:5      | Found a shimmering blue altar of Sif Muna.
  4721 | D:5      | Found a broken altar of Ashenzari.
  5011 | D:5      | Found Nuvemn's Tremendous Tomes.
  5295 | D:6      | Identified 2 scrolls of acquirement
  5312 | D:6      | Acquired 910 gold pieces
  5314 | D:6      | Acquired 1064 gold pieces
  5531 | D:6      | Reached XP level 8. HP: 60/60 MP: 4/14
  5627 | D:6      | Found a staircase to the Ecumenical Temple.
  5638 | Temple   | Entered the Ecumenical Temple
  5713 | Temple   | Became a worshipper of Gozag Ym Sagoz the Greedy
  5737 | D:6      | Bought an embroidered robe for 92 gold pieces
  5737 | D:6      | Bought a pair of embroidered gloves for 187 gold pieces
  5737 | D:6      | Bought a pair of embroidered boots for 187 gold pieces
  6431 | D:7      | Reached skill level 7 in Necromancy
  6508 | D:7      | Found a hide-covered altar of Uskayaw.
  6613 | D:7      | Reached skill level 8 in Necromancy
  7105 | D:7      | Found an ancient bone altar of Kikubaaqudgha.
  7105 | D:7      | Found a blossoming altar of Fedhas.
  7219 | D:7      | Found Falo's Assorted Antiques.
  7224 | D:7      | Bought a scroll labelled ALEATO ENUSHRAFYSOI for 32 gold
                  | pieces
  7224 | D:7      | Bought a scroll labelled ISEAKE BYIDO for 32 gold pieces
  7224 | D:7      | Bought a scroll labelled NISUANGEFAKH for 32 gold pieces
  7224 | D:7      | Bought a scroll of teleportation for 96 gold pieces
  7354 | D:7      | Reached skill level 1 in Armour
  7475 | D:7      | Noticed Prince Ribbit
  7481 | D:7      | Killed Prince Ribbit
  7482 | D:7      | Reached XP level 9. HP: 66/66 MP: 2/16
  8205 | D:8      | Reached skill level 5 in Spellcasting
  8436 | D:8      | Noticed Amaemon
  8436 | D:8      | Noticed an orange demon
  8478 | D:8      | Killed Amaemon
  8479 | D:8      | Reached skill level 5 in Fighting
  8479 | D:8      | Reached skill level 5 in Dodging
  8479 | D:8      | Reached skill level 5 in Unarmed Combat
  8651 | D:8      | Killed an orange demon
  8872 | D:8      | Noticed Maggie
  8992 | D:8      | Killed Maggie
  9129 | D:8      | Reached skill level 9 in Necromancy
  9296 | D:8      | Noticed a two-headed ogre
  9307 | D:8      | Killed a two-headed ogre
  9308 | D:8      | Reached XP level 10. HP: 47/74 MP: 2/17
  9539 | D:8      | Found a runed translucent gate.
  9539 | D:8      | Found a runed translucent gate.
  9539 | D:8      | Found a runed translucent gate.
  9543 | D:8      | Noticed a white ugly thing
  9544 | D:8      | Noticed a purple ugly thing
  9544 | D:8      | Noticed a brown ugly thing
  9544 | D:8      | Noticed a white ugly thing
  9545 | D:8      | Noticed a green ugly thing
 10035 | D:9      | Noticed a two-headed ogre
 10038 | D:9      | Reached skill level 10 in Necromancy
 10056 | D:9      | Killed a two-headed ogre
 10280 | D:9      | Found a staircase to the Orcish Mines.
 11068 | D:10     | Entered Level 10 of the Dungeon
 11526 | D:10     | Found a staircase to the Lair.
 12050 | D:10     | Reached XP level 11. HP: 68/82 MP: 1/21
 12191 | D:10     | Found Kociphid's Antique Armour Boutique.
 12668 | D:10     | Bought a fine ring mail for 225 gold pieces
 12668 | D:10     | Identified the +0 ring mail of the Harp {rElec rPois rC++
                  | Will-} (You bought it in a shop on level 10 of the Dungeon)
 13363 | D:11     | Noticed a six-headed hydra
 13374 | D:11     | Killed a six-headed hydra
 13663 | D:11     | Learned a level 5 spell: Agony
 13896 | D:11     | Reached skill level 11 in Necromancy
 14623 | D:11     | Noticed Nergalle
 14631 | D:11     | Killed Nergalle
 15032 | Lair:1   | Entered Level 1 of the Lair of Beasts
 15033 | Lair:1   | Noticed a five-headed hydra
 15156 | D:10     | Killed a five-headed hydra
 15156 | D:10     | HP: 3/84 [black mamba (8)]
 15157 | D:10     | Slain by a black mamba

Illustrated notes

Levels and vault maps discovered:
D:1:      arrival_zaba_pyramid, layout_basic, serial_shops, shop,
          hellmonk_ecumenical_altar_inner_sanctum,
          chequers_serial_rivers_small_a
D:2:      layout_rooms, basic_altar, uniq_crazy_yiuf_cottage, uniq_jessica
D:3:      minmay_bubble_buster, layout_basic
D:4:      layout_basic, nicolae_overflow_crystal_walls
D:5:      layout_basic, chequers_temple_overflow_minitemple, glass_columns_b,
          nicolae_shop_i_like_big_books
D:6:      layout_basic, minmay_temple_entry_glassed_door
D:7:      layout_basic, grunt_temple_overflow_growth_and_decay,
          nicolae_uskayaw_murder_on_the_dancefloor, serial_shops,
          nicolae_shop_hallway_plus, uniq_prince_ribbit1
D:8:      layout_loops_corners, ploomutoo_gammafunk_ghost_potion_laboratory,
          uniq_amaemon, uniq_maggie
D:9:      layout_gridville, david_orc_1_choice
D:10:     layout_roguey, erik_lair_dragon, serial_shops,
          nicolae_shop_window_shopping, minmay_diced_spiral
D:11:     layout_long_grid, uniq_nergalle
Temple:   nicolae_temple_ecumenical_triangle
Lair:1:   layout_big_grid, basic_altar, wad_woods_road_02,
          dreamdust_deal_with_the_devil, st_stairs_11

Skill      XL: |  1  2  3  4  5  6  7  8  9 10 11 |
---------------+----------------------------------+-----
Spellcasting   | 3 4 5 6 8 |  8.0
Dodging        | 2 3 4 5 6 |  6.6
Necromancy     | 5 6 8 9 10 11 | 11.3
Fighting       | 2 3 4 5 6 7 |  7.3
Unarmed Combat | 2 4 5 6 |  6.6
Armour         | 1 4 |  4.0
Stealth        | |  1.5

Action                   |  1- 3 |  4- 6 |  7- 9 | 10-12 || total
-------------------------+-------+-------+-------+-------++-------
Melee: Unarmed           |    11 |       |   153 |   127 ||   291
       Whip              |       |    21 |    19 |       ||    40
       Punch             |       |     2 |     6 |     8 ||    16
 Cast: Necrotise         |    59 |    80 |    46 |     8 ||   193
       Vampiric Draining |       |     7 |    92 |   139 ||   238
       Agony             |       |       |       |     7 ||     7
Invok: Call Merchant     |       |       |     1 |       ||     1
       Potion Petition   |       |       |     1 |       ||     1
Evoke: Wand              |       |       |     1 |    10 ||    11
  Use: Scroll            |       |     5 |     9 |     4 ||    18
 Stab: Sleeping          |       |     1 |     3 |       ||     4
       Invisible         |       |       |     2 |       ||     2
       Distracted        |       |       |       |     2 ||     2
Armor: Robe              |     1 |     8 |    42 |       ||    51
       Leather armour    |       |       |    58 |   149 ||   207
Dodge: Dodged            |     9 |    21 |   177 |   274 ||   481
